[ AOE2 MATCH · #505814050 ]
UnrankedBulgarians vs Italians
Player's team · LOSS
Rival team · WIN
[ REPLAY ANALYSIS · EXTRACTED FROM THE RECORDED GAME ]
Feudal
8:55
Castle
27:55
Imperial
52:42
| APM avg | 66.7 |
| APM peak | 128 |
| eAPM avg | 30.9 |
| Villagers / military | 118 / 117 |
Focus
⚔️ 43.6% · 🌾 56.4%
Skirmisher ×53 · Spearman ×23 · Konnik ×14 · Militia ×11 · Mangonel ×6 · Battering Ram ×6
Feudal
8:51
Castle
29:21
Imperial
46:26
| APM avg | 71.3 |
| APM peak | 129 |
| eAPM avg | 27.4 |
| Villagers / military | 112 / 99 |
Focus
⚔️ 40.7% · 🌾 59.3%
Genoese Crossbowman ×32 · Archer ×23 · Scout Cavalry ×19 · Battering Ram ×13 · Knight ×6 · Trebuchet (Packed) ×3
Match map
Initial resources + every placement click. Lines = walls · curves = elevation contours. ◆ gold · ⬟ stone · ● berries · ✦ relic · ◌ wall gap
Your base· ✓ Closed at 27:55 · 76t walls · 1 gate(s)
PigeonOnABrick's base· Open — 7t gap
Smoothed initial terrain · ◌ = detected wall gap · hover for details
Inputs per minute
— thankyou9527 - - PigeonOnABrick
Build order — thankyou9527
First 150 of 362 actions detected
| 0:00 | Queue | Villager (Male) |
| 0:01 | Queue | Villager (Male) |
| 0:01 | Queue | Villager (Male) |
| 0:01 | Queue | Villager (Male) |
| 0:02 | Build | House |
| 0:04 | Build | House |
| 1:25 | Queue | Villager (Male) |
| 1:25 | Queue | Villager (Male) |
| 2:07 | Queue | Villager (Male) |
| 2:08 | Queue | Villager (Male) |
| 2:32 | Queue | Villager (Male) |
| 2:36 | Build | Lumber Camp |
| 2:53 | Queue | Villager (Male) |
| 2:53 | Queue | Villager (Male) |
| 3:17 | Build | House |
| 3:23 | Queue | Villager (Male) |
| 3:23 | Queue | Villager (Male) |
| 3:58 | Queue | Villager (Male) |
| 3:58 | Queue | Villager (Male) |
| 3:59 | Queue | Villager (Male) |
| 4:13 | Queue | Villager (Male) |
| 4:56 | Queue | Villager (Male) |
| 4:56 | Queue | Villager (Male) |
| 4:57 | Queue | Villager (Male) |
| 5:07 | Build | Barracks |
| 5:57 | Build | House |
| 6:15 | Research | Loom |
| 6:45 | Research | Feudal Age |
| 6:46 | Research | Feudal Age |
| 7:14 | Build | Mining Camp |
| 7:15 | Queue | Militia |
| 7:15 | Queue | Militia |
| 7:15 | Queue | Militia |
| 7:15 | Queue | Militia |
| 7:15 | Queue | Militia |
| 7:31 | Queue | Militia |
| 7:31 | Queue | Militia |
| 7:32 | Queue | Militia |
| 7:32 | Queue | Militia |
| 7:56 | Build | Palisade Wall |
| 7:57 | Build | Palisade Wall |
| 8:22 | Queue | Militia |
| 8:35 | Build | Mill |
| 8:49 | Build | House |
| 8:51 | Build | Palisade Wall |
| 8:55 | Age | Feudal Age |
| 8:58 | Queue | Villager (Male) |
| 9:07 | Research | Double-Bit Axe |
| 9:07 | Research | Double-Bit Axe |
| 9:35 | Queue | Villager (Male) |
| 9:42 | Build | Palisade Wall |
| 9:44 | Build | Palisade Wall |
| 9:48 | Queue | Villager (Male) |
| 9:48 | Queue | Villager (Male) |
| 9:58 | Build | Archery Range |
| 10:37 | Queue | Villager (Male) |
| 10:37 | Queue | Villager (Male) |
| 10:38 | Queue | Villager (Male) |
| 10:38 | Queue | Villager (Male) |
| 10:44 | Build | Farm |
| 10:44 | Build | Farm |
| 10:45 | Build | Farm |
| 10:45 | Build | Farm |
| 11:07 | Build | House |
| 11:15 | Queue | Villager (Male) |
| 11:23 | Queue | Archer |
| 11:23 | Queue | Archer |
| 11:53 | Queue | Villager (Male) |
| 11:53 | Queue | Villager (Male) |
| 12:01 | Queue | Skirmisher |
| 12:18 | Queue | Skirmisher |
| 12:26 | Build | Watch Tower |
| 12:30 | Queue | Villager (Male) |
| 12:31 | Queue | Villager (Male) |
| 12:31 | Queue | Villager (Male) |
| 12:33 | Build | Farm |
| 12:33 | Build | Farm |
| 12:33 | Build | Farm |
| 12:45 | Build | House |
| 12:56 | Queue | Skirmisher |
| 13:01 | Build | House |
| 13:03 | Build | Palisade Wall |
| 13:04 | Build | Palisade Wall |
| 13:05 | Build | Palisade Wall |
| 13:28 | Queue | Skirmisher |
| 13:28 | Queue | Skirmisher |
| 13:31 | Build | House |
| 13:32 | Build | Palisade Wall |
| 13:33 | Build | Palisade Wall |
| 13:38 | Queue | Villager (Male) |
| 14:02 | Build | Mining Camp |
| 14:10 | Queue | Villager (Male) |
| 14:11 | Queue | Villager (Male) |
| 14:19 | Build | Palisade Wall |
| 14:20 | Build | Palisade Wall |
| 14:28 | Queue | Villager (Male) |
| 14:51 | Queue | Villager (Male) |
| 15:03 | Build | Blacksmith |
| 15:14 | Queue | Villager (Male) |
| 15:27 | Research | Fletching |
| 15:28 | Queue | Villager (Male) |
| 16:10 | Queue | Villager (Male) |
| 16:17 | Build | Watch Tower |
| 16:31 | Queue | Villager (Male) |
| 16:34 | Build | Lumber Camp |
| 16:39 | Build | Palisade Gate |
| 16:40 | Build | Palisade Wall |
| 16:41 | Build | Palisade Wall |
| 16:51 | Queue | Skirmisher |
| 16:51 | Queue | Skirmisher |
| 16:58 | Queue | Villager (Male) |
| 17:07 | Queue | Villager (Male) |
| 17:12 | Build | Archery Range |
| 17:13 | Queue | Skirmisher |
| 17:14 | Queue | Skirmisher |
| 17:19 | Build | Palisade Wall |
| 17:22 | Build | Palisade Wall |
| 17:23 | Queue | Villager (Male) |
| 17:37 | Queue | Villager (Male) |
| 17:42 | Build | House |
| 17:48 | Build | Palisade Wall |
| 18:10 | Research | Padded Archer Armor |
| 18:20 | Queue | Villager (Male) |
| 18:22 | Build | Farm |
| 18:22 | Build | Farm |
| 18:22 | Build | Farm |
| 18:22 | Build | Farm |
| 18:22 | Build | Farm |
| 18:23 | Build | Farm |
| 18:23 | Build | Farm |
| 18:23 | Build | Farm |
| 18:23 | Build | Farm |
| 18:24 | Build | Farm |
| 18:24 | Build | Farm |
| 18:25 | Queue | Villager (Male) |
| 18:31 | Build | House |
| 18:42 | Queue | Skirmisher ×4 |
| 19:16 | Queue | Villager (Male) |
| 19:19 | Build | Farm |
| 19:20 | Build | Farm |
| 19:33 | Queue | Villager (Male) |
| 19:49 | Queue | Skirmisher ×4 |
| 20:06 | Queue | Spearman |
| 20:19 | Build | Watch Tower |
| 20:22 | Build | House |
| 20:28 | Build | House |
| 20:31 | Queue | Villager (Male) |
| 21:11 | Build | House |
| 21:13 | Build | Palisade Wall |
| 21:13 | Build | Palisade Wall |
Build order — PigeonOnABrick
First 150 of 380 actions detected
| 0:00 | Queue | Villager (Male) |
| 0:01 | Queue | Villager (Male) |
| 0:02 | Build | House |
| 0:03 | Build | House |
| 0:21 | Queue | Villager (Male) |
| 0:21 | Queue | Villager (Male) |
| 1:23 | Queue | Villager (Male) |
| 1:23 | Queue | Villager (Male) |
| 1:55 | Queue | Villager (Male) |
| 2:25 | Queue | Villager (Male) |
| 2:43 | Queue | Villager (Male) |
| 2:47 | Build | Lumber Camp |
| 3:04 | Queue | Villager (Male) |
| 3:40 | Queue | Villager (Male) |
| 3:40 | Queue | Villager (Male) |
| 3:40 | Queue | Villager (Male) |
| 4:00 | Build | House |
| 4:04 | Queue | Villager (Male) |
| 4:37 | Build | Mining Camp |
| 4:41 | Queue | Villager (Male) |
| 4:56 | Queue | Villager (Male) |
| 5:07 | Queue | Villager (Male) |
| 5:07 | Research | Loom |
| 6:27 | Research | Feudal Age |
| 7:13 | Build | Barracks |
| 7:14 | Build | House |
| 7:23 | Queue | Villager (Male) |
| 7:36 | Build | Palisade Wall |
| 7:40 | Build | Palisade Wall |
| 7:58 | Build | House |
| 8:02 | Build | House |
| 8:30 | Build | House |
| 8:51 | Age | Feudal Age |
| 9:07 | Build | Archery Range |
| 9:15 | Queue | Villager (Male) |
| 9:18 | Research | Double-Bit Axe |
| 9:28 | Queue | Spearman |
| 9:36 | Queue | Villager (Male) |
| 9:47 | Queue | Villager (Male) |
| 9:55 | Build | House |
| 10:28 | Queue | Archer |
| 10:28 | Queue | Archer |
| 10:40 | Queue | Archer |
| 10:44 | Queue | Villager (Male) |
| 10:45 | Queue | Villager (Male) |
| 10:51 | Queue | Archer |
| 10:54 | Build | House |
| 10:56 | Build | House |
| 11:16 | Build | Barracks |
| 11:32 | Build | Blacksmith |
| 11:51 | Queue | Archer |
| 11:57 | Queue | Villager (Male) |
| 11:59 | Queue | Villager (Male) |
| 12:05 | Build | Mill |
| 12:11 | Queue | Villager (Male) |
| 12:22 | Queue | Archer |
| 13:03 | Queue | Villager (Male) |
| 13:10 | Queue | Archer |
| 13:13 | Build | Farm |
| 13:14 | Build | Farm |
| 13:14 | Build | Farm |
| 13:19 | Queue | Villager (Male) |
| 13:23 | Build | House |
| 13:24 | Build | House |
| 13:30 | Build | Farm |
| 13:38 | Build | Palisade Wall |
| 13:43 | Queue | Archer |
| 13:59 | Queue | Archer |
| 14:11 | Queue | Archer |
| 14:16 | Build | Farm |
| 14:28 | Queue | Villager (Male) |
| 14:28 | Queue | Villager (Male) |
| 14:41 | Build | Farm |
| 14:50 | Build | Farm |
| 14:53 | Queue | Villager (Male) |
| 14:57 | Build | Palisade Wall |
| 15:22 | Research | Fletching |
| 15:39 | Research | Padded Archer Armor |
| 15:40 | Queue | Villager (Male) |
| 16:04 | Queue | Villager (Male) |
| 16:14 | Build | Watch Tower |
| 16:18 | Queue | Archer |
| 16:35 | Queue | Villager (Male) |
| 16:37 | Queue | Archer |
| 16:56 | Build | Watch Tower |
| 17:04 | Queue | Villager (Male) |
| 17:10 | Queue | Villager (Male) |
| 17:14 | Build | Mining Camp |
| 17:16 | Build | Farm |
| 17:17 | Build | Farm |
| 17:19 | Queue | Archer |
| 17:30 | Build | House |
| 17:35 | Build | House |
| 17:56 | Queue | Villager (Male) |
| 17:58 | Build | Farm |
| 18:05 | Build | Stable |
| 18:09 | Research | Scale Barding Armor |
| 18:10 | Queue | Villager (Male) |
| 18:22 | Build | House |
| 18:32 | Queue | Villager (Male) |
| 18:45 | Queue | Scout Cavalry |
| 18:46 | Queue | Scout Cavalry |
| 18:53 | Queue | Archer |
| 19:06 | Queue | Villager (Male) |
| 19:13 | Queue | Scout Cavalry |
| 19:16 | Queue | Archer |
| 19:55 | Queue | Scout Cavalry |
| 20:12 | Queue | Scout Cavalry |
| 20:15 | Queue | Villager (Male) |
| 20:20 | Build | Farm |
| 20:21 | Build | Farm |
| 20:22 | Build | Farm |
| 20:22 | Build | Farm |
| 20:36 | Build | House |
| 20:44 | Queue | Villager (Male) |
| 21:08 | Queue | Villager (Male) |
| 21:17 | Build | Market |
| 21:22 | Queue | Scout Cavalry |
| 21:23 | Queue | Archer |
| 21:25 | Build | Mill |
| 21:26 | Build | Farm |
| 21:26 | Build | Farm |
| 21:26 | Build | Farm |
| 21:27 | Build | Farm |
| 21:38 | Queue | Archer |
| 21:41 | Queue | Scout Cavalry |
| 21:47 | Build | Lumber Camp |
| 22:06 | Queue | Villager (Male) |
| 22:16 | Build | Mill |
| 22:17 | Build | Farm |
| 22:18 | Build | Farm |
| 22:29 | Queue | Villager (Male) |
| 23:00 | Queue | Villager (Male) |
| 23:17 | Queue | Villager (Male) |
| 23:19 | Queue | Villager (Male) |
| 23:22 | Build | Farm |
| 23:23 | Build | Farm |
| 23:24 | Build | Farm |
| 23:26 | Build | Farm |
| 23:53 | Build | Watch Tower |
| 24:04 | Queue | Scout Cavalry |
| 24:05 | Queue | Archer |
| 24:09 | Queue | Villager (Male) |
| 24:57 | Queue | Villager (Male) |
| 24:59 | Queue | Archer |
| 25:10 | Research | Forging |
| 25:26 | Queue | Villager (Male) |
| 25:30 | Build | Farm |
| 25:31 | Build | Farm |
| 25:32 | Build | Farm |
Match timeline
| 5:07 | thankyou9527 · first_building Barracks |
| 7:13 | PigeonOnABrick · first_building Barracks |
| 7:36 | PigeonOnABrick · wall_segment Palisade Wall x4 |
| 7:40 | PigeonOnABrick · wall_segment Palisade Wall x6 |
| 7:56 | thankyou9527 · wall_segment Palisade Wall x1 |
| 7:57 | thankyou9527 · wall_segment Palisade Wall x1 |
| 8:51 | PigeonOnABrick · age_up feudal |
| 8:51 | thankyou9527 · wall_segment Palisade Wall x3 |
| 8:55 | thankyou9527 · age_up feudal |
| 9:07 | PigeonOnABrick · first_building Archery Range |
| 9:42 | thankyou9527 · wall_segment Palisade Wall x4 |
| 9:44 | thankyou9527 · wall_segment Palisade Wall x5 |
| 9:58 | thankyou9527 · first_building Archery Range |
| 13:03 | thankyou9527 · wall_segment Palisade Wall x1 |
| 13:04 | thankyou9527 · wall_segment Palisade Wall x1 |
| 13:05 | thankyou9527 · wall_segment Palisade Wall x1 |
| 13:32 | thankyou9527 · wall_segment Palisade Wall x6 |
| 13:33 | thankyou9527 · wall_segment Palisade Wall x5 |
| 13:38 | PigeonOnABrick · wall_segment Palisade Wall x10 |
| 14:19 | thankyou9527 · wall_segment Palisade Wall x3 |
| 14:20 | thankyou9527 · wall_segment Palisade Wall x4 |
| 14:57 | PigeonOnABrick · wall_segment Palisade Wall x4 |
| 16:40 | thankyou9527 · wall_segment Palisade Wall x2 |
| 16:41 | thankyou9527 · wall_segment Palisade Wall x2 |
| 17:19 | thankyou9527 · wall_segment Palisade Wall x7 |
| 17:22 | thankyou9527 · wall_segment Palisade Wall x14 |
| 17:48 | thankyou9527 · wall_segment Palisade Wall x1 |
| 18:05 | PigeonOnABrick · first_building Stable |
| 21:13 | thankyou9527 · wall_segment Palisade Wall x1 |
| 21:13 | thankyou9527 · wall_segment Palisade Wall x1 |
| 21:36 | thankyou9527 · wall_segment Palisade Wall x11 |
| 23:06 | thankyou9527 · wall_segment Palisade Wall x1 |
| 24:11 | thankyou9527 · wall_segment Stone Wall x1 |
| 25:27 | thankyou9527 · wall_segment Palisade Wall x1 |
| 25:28 | thankyou9527 · wall_segment Palisade Wall x1 |
| 25:29 | thankyou9527 · wall_segment Palisade Wall x1 |
| 25:49 | PigeonOnABrick · first_market_sell 500 stone |
| 25:50 | PigeonOnABrick · first_market_buy 100 food |
| 27:55 | thankyou9527 · age_up castle |
| 28:29 | thankyou9527 · first_building Krepost |
| 29:21 | PigeonOnABrick · age_up castle |
| 29:42 | PigeonOnABrick · first_building Castle |
| 30:28 | PigeonOnABrick · first_building Siege Workshop |
| 31:58 | thankyou9527 · first_building Siege Workshop |
| 32:52 | thankyou9527 · first_market_buy 100 wood |
| 33:54 | thankyou9527 · wall_segment Stone Wall x1 |
| 41:29 | PigeonOnABrick · first_building Monastery |
| 42:45 | thankyou9527 · wall_segment Palisade Wall x1 |
| 46:26 | PigeonOnABrick · age_up imperial |
| 51:33 | thankyou9527 · first_building Stable |
| 52:15 | thankyou9527 · wall_segment Palisade Wall x1 |
| 52:42 | thankyou9527 · age_up imperial |
| 53:16 | thankyou9527 · resign |
[ AI ANALYSIS · 1 CREDIT ]
What really happened in this match?
Wolo.gg analyzes every decision: build order, eco, micro, common mistakes by bracket. Personalized analysis on WhatsApp or Discord in 30 seconds.
Civ guide
Bulgarians
Perfil
Jugador #5757611